 Dungeon Crawl Stone Soup version 0.28-a0-101-g18048e5a82 (webtiles) character file.

Game seed: 959332890389621277

102 flotson the Sneak (level 4, -6/36 HPs)
             Began as a Demonspawn Delver on Aug 10, 2021.
             Was an Initiate of Gozag.
             Mangled by Sigmund (12 damage)
             ... on level 1 of the Dungeon.
             The game lasted 00:05:39 (2330 turns).

flotson the Sneak (Demonspawn Delver)               Turns: 2330, Time: 00:05:40

Health: -6/36      AC:  4    Str: 13    XL:     4   Next: 49%
Magic:  4/4        EV: 12    Int: 11    God:    Gozag
Gold:   356        SH:  0    Dex: 21    Spells: 3/3 levels left

rFire   . . .      SeeInvis .   a - +2 dagger (venom)
rCold   . . .      Faith    .   (no shield)
rNeg    . . .      Spirit   .   i - +0 leather armour
rPois   .          Reflect  .   (helmet restricted)
rElec   .          Harm     .   (no cloak)
rCorr   .          Rampage  .   q - +0 pair of gloves
Will    .....                   (no boots)
Stlth   +++.......              e - amulet of regeneration
HPRegen 1.12/turn               v - +6 ring of dexterity
MPRegen 0.09/turn               (no ring)

@: no status effects
A: antennae 1, powered by pain 1
a: Renounce Religion, Potion Petition, Call Merchant, Bribe Branch


You were on level 1 of the Dungeon.
You worshipped Gozag.
Gozag was aware of your devotion.
You visited 1 branch of the dungeon, and saw 5 of its levels.

You collected 393 gold pieces.
You paid 37 gold pieces to Gozag.

Inventory:

Hand Weapons
 a - a +2 dagger of venom (weapon)
 b - a +2 dagger of protection
Missiles
 f - 2 poisoned darts (quivered)
 j - 6 boomerangs
Armour
 i - a +0 leather armour (worn)
 q - a +0 pair of gloves (worn)
 u - a +1 ring mail of cold resistance
Jewellery
 e - an amulet of regeneration (around neck)
 l - a ring of see invisible
 o - a ring of ice
 t - a ring of flight
 v - a +6 ring of dexterity (left hand)
Wands
 g - a wand of digging (2)
Scrolls
 c - a scroll of fog
 k - 2 scrolls of teleportation {unknown}
 p - a scroll of magic mapping
 r - 2 scrolls of enchant armour {unknown}
 s - a scroll of amnesia {unknown}


   Skills:
 + Level 3.6 Fighting
 + Level 2.5 Axes
 + Level 1.1 Throwing
 + Level 1.5 Armour
 + Level 2.4 Dodging
 - Level 4.5 Stealth


You had 3 spell levels left.
You didn't know any spells.
Your spell library contained the following spells:

 Spells                   Type           Power      Damage    Failure   Level
 Summon Small Mammal      Summ           0%         N/A       41%         1
 Call Canine Familiar     Summ           0%         N/A       80%         3
 Summon Guardian Golem    Hex/Summ       0%         N/A       80%         3


Dungeon Overview and Level Annotations

Branches:
Dungeon (5/15)             Temple (0/1) D:5

Altars:
Gozag
Hepliaklqana

Annotations:
D:1 Sigmund


Innate Abilities, Weirdness & Mutations

You have a pair of small antennae on your head.
You sometimes gain a little power by taking damage.


Message History

You are confused.
You hit the adder.
You kill the adder!
Something hits you.
Okay, then.
You bump into the rock wall.
Something hits you. Something hits you. Something is pulled toward you!
You see here 5 gold pieces.
It was a potion of ambrosia.
You are more confused.
You feel invigorated.
You hear some strange, mumbled words.
You are more confused.
Something barely misses you. Something is pulled toward you!
You feel less invigorated. Something hits you!
You see here 5 gold pieces.
You closely miss something. Something barely misses you.
You closely miss something. Something hits you!
You hit something. Something hits you!
* * * LOW HITPOINT WARNING * * *
You focus on the pain.
You feel very mighty all of a sudden.
It was a potion of might.
You feel mightier all of a sudden.
You hear some strange, mumbled words.
Something tries to affect you, but you resist.
It was a potion of cancellation.
Your magical effects are unravelling.
You feel magically purged.
You feel less confused.
You feel a little less mighty now. Something hits you.
* * * LOW HITPOINT WARNING * * *
You feel less attractive to monsters.
You're wearing all the rings you can.
Remove which one? (? for menu, Esc to cancel) < or
v - a +6 ring of dexterity; > or
t - a ring of flight You remove your ring of flight.
You float gracefully downwards.
Something hits you!
You die...
Your body crumbles into a pile of gold.

#..................#PPP...
#........##########.##P..P
#............# ####....
###.####.....# #.###P #.#
#.....# ######.##.# #.#
#.....# #......#### #.#
#.....###......#### #.#
#>................. #.#
#{@..(###......####
#######.# #.....# ########
# #.......# #...).# #
#.####### #.....# # #.#
#.....# # #.# #.##### #
#)# #.# # ##.##########.#
######## #..........##.#
#.......


There were no monsters in sight!

Vanquished Creatures
  A gnoll (D:1)
  3 adders
  A worm (D:2)
  An orc (D:4)
  5 ball pythons
  5 bats
  4 endoplasms
  2 giant cockroaches (D:1)
  5 hobgoblins
  4 jackals (D:1)
  6 kobolds
  3 quokkas
  A frilled lizard (D:2)
  6 goblins
  10 rats (D:1)
57 creatures vanquished.

Vanquished Creatures (others)
  7 demonic plants (D:1)
  4 fungi (D:1)
  2 withered plants (D:1)
13 creatures vanquished.

Grand Total: 70 creatures vanquished

Notes
Turn   | Place    | Note
-------+----------+-------------------------------------------
     0 | D:5      | flotson the Demonspawn Delver began the quest for the Orb.
     0 | D:5      | Reached XP level 1. HP: 18/18 MP: 1/1
    11 | D:5      | Noticed a centaur
    41 | D:5      | Gained mutation: You have a pair of small antennae on your
                  | head. [demonic ancestry]
    41 | D:5      | Reached XP level 2. HP: 21/24 MP: 2/2
    45 | D:5      | Noticed a howler monkey
    60 | D:4      | Found a hazy altar of Hepliaklqana.
    60 | D:4      | Found an opulent altar of Gozag.
   265 | D:4      | Became a worshipper of Gozag Ym Sagoz the Greedy
   446 | D:2      | Reached skill level 1 in Armour
   589 | D:1      | Gained mutation: You sometimes gain a little power by
                  | taking damage. [demonic ancestry]
   589 | D:1      | Reached XP level 3. HP: 29/29 MP: 3/3
   978 | D:1      | Found a faded altar of an unknown god.
  1624 | D:1      | Reached XP level 4. HP: 35/35 MP: 4/4
  2006 | D:2      | Reached skill level 1 in Throwing
  2014 | D:2      | Noticed Sigmund
  2330 | D:1      | Mangled by Sigmund

Illustrated notes

Levels and vault maps discovered:
D:1:      amcnicky_arrival_gap_in_the_tavern_cellar, layout_basic,
          shapermc_ecumenical_altar_gd, minmay_three_crescents
D:2:      layout_rooms, uniq_sigmund
D:3:      layout_loops_ring, uniq_terence
D:4:      layout_loops_ring, nicolae_overflow_hidden_temple,
          ebering_ghost_sewer_d, chequers_serial_rivers_large_a
D:5:      layout_rooms, general_overflow_altar, minmay_temple_entry_glass,
          chequers_serial_rivers_micro_e, uniq_prince_ribbit1

Skill      XL: |  1  2  3  4 |
---------------+-------------+-----
Axes           | 2 |  2.5
Dodging        | 2 |  2.4
Armour         | 1 |  1.5
Throwing       | 1 |  1.1
Fighting       | |  3.6
Stealth        | |  4.5

Action                   |  1- 3 |  4- 6 || total
-------------------------+-------+-------++-------
Melee: Hand axe          |    30 |       ||    30
       Short sword       |    39 |       ||    39
       Dagger            |    56 |    32 ||    88
Evoke: Wand              |     1 |       ||     1
  Use: Potion            |     1 |     4 ||     5
       Scroll            |     1 |     1 ||     2
 Stab: Sleeping          |     6 |     4 ||    10
Armor: Leather armour    |    40 |     8 ||    48
Dodge: Dodged            |    71 |    14 ||    85

Table legend: (Time is in decaauts)
 A = Elapsed time spent in this place.
 B = Non-inter-level travel time spent in this place.
 C = Inter-level travel time spent in this place.
 D = Time resting spent in this place.
 E = Time spent auto-exploring this place.
 F = Levels seen in this place.
 G = Mean time per level.
                   A        B        C        D        E       F      G
               +--------+--------+--------+--------+--------+-----+--------+
         Total |   2324 |   2185 |    139 |     52 |   1608 |   5 |  464.8 |
       Dungeon |   2324 |   2185 |    139 |     52 |   1608 |   5 |  464.8 |
               +--------+--------+--------+--------+--------+-----+--------+

Top non-repeatable levels by time:
     D:1: 1428 daAuts
     D:2: 508 daAuts
     D:4: 303 daAuts
     D:5: 47 daAuts
     D:3: 36 daAuts
